 Dungeon Crawl Stone Soup version 0.19.4 (webtiles) character file.

483 Ragdoll the Skirmisher (level 6, -4/49 HPs)
             Began as a Mummy Chaos Knight on Feb 4, 2017.
             Slain by an ufetubus (5 damage)
             ... summoned by Xom
             ... on level 4 of the Dungeon.
             The game lasted 00:09:17 (3918 turns).

Ragdoll the Skirmisher (Mummy Chaos Knight)         Turns: 3918, Time: 00:09:20

Health: -4/49      AC: 10    Str: 22    XL:     6   Next: 88%
Magic:  7/7        EV: 11    Int: 12    God:    Xom [*.....]
Gold:   211        SH:  0    Dex: 11    Spells: 0 memorised, 5 levels left

rFire  x . .     SeeInvis .     a - +0 mace (chaos)
rCold  + . .     Gourm    .     b - +2 leather armour
rNeg   + + +     Faith    .     (no shield)
rPois  ∞         Spirit   .     (no helmet)
rElec  .         Reflect  .     g - +1 cloak
rCorr  .         Harm     .     (no gloves)
MR     .....                    o - +2 pair of boots
Stlth  +.........               (no amulet)
                                n - +5 ring of strength
                                m - ring of flight

@: very slightly contaminated
A: no food or potions, fire vulnerability, cold resistance 1, negative energy
resistance 3, torment resistance, unbreathing
a: Renounce Religion, Evoke Flight


You were on level 4 of the Dungeon.
You worshipped Xom.
You were a special plaything of Xom.
You were not hungry.

You visited 1 branch of the dungeon, and saw 4 of its levels.

You collected 211 gold pieces.

Inventory:

Hand Weapons
 a - a +0 mace of chaos (weapon)
 h - a cursed -2 spear
Armour
 b - a +2 leather armour (worn)
 g - a +1 cloak (worn)
 o - a +2 pair of boots (worn)
Jewellery
 m - a ring of flight (left hand)
 n - a +5 ring of strength (right hand)
Scrolls
 d - 4 scrolls of identify
 k - 3 scrolls of recharging
 l - 2 scrolls of remove curse
Books
 p - Xom's Compendium of Ragdoll's Peril
   (Xom gifted it to you on level 4 of the Dungeon)

   Spells                             Type                      Level
   a - Stone Arrow                    Conjuration/Earth            3
   b - Bolt of Magma                  Conjuration/Fire/Earth       5
   c - Iron Shot                      Conjuration/Earth            6
   d - Ring of Flames                 Charms/Fire                  7
   e - Delayed Fireball               Conjuration/Fire             7


   Skills:
 + Level 4.7 Fighting
 * Level 4.4 Maces & Flails
 + Level 2.8 Armour
 - Level 1.0 Dodging
 - Level 0.1 Stealth
 - Level 2.0 Evocations


You had 5 spell levels left.
You didn't know any spells.

Dungeon Overview and Level Annotations

Branches:
Dungeon (4/15)
 Temple: D:4-7

Altars:
Sif Muna

Annotations:
D:3 exclusions: door and 1 more exclusion


Innate Abilities, Weirdness & Mutations

You do not eat or drink.
Your flesh is vulnerable to fire.
You are immune to poison.
Your flesh is cold resistant. (rC+)
You are immune to negative energy. (rN+++)
You are immune to unholy pain and torment.
You can survive without breathing.


Message History

You feel aware of your surroundings.
You sensed 1 altar.
It was a scroll of magic mapping.
The orc is engulfed in mutagenic fog.
The orc twists and deforms.
The orc priest hits you from afar with a trident.
* * * LOW HITPOINT WARNING * * *
The ufetubus closely misses you. The ufetubus hits you.
* * * LOW HITPOINT WARNING * * *
The ufetubus barely misses you.
The ufetubus hits you but does no damage.
Something hits you but does no damage. The crimson imp completely misses you.
You aren't carrying any items that you can evoke.
You miss something. "Hum-dee-hum-dee-hum..."
An ooze appears out of thin air!
Reactivating autopickup.
The ufetubus closely misses you.
The ufetubus hits you but does no damage.
The ufetubus hits you.
You die...
Xom is highly amused!

**#.....,,,,,,,* #.#
*#,#.##..,,,,,,,* #.#
,.#..##.#****,,,****## #.#
*#.#)##.# *,,,,,,..# *,*
#.#.##.# *,,,***#.# *,* #.#.##.#
***** #.# *,* #.#.##.##########
#.# *,* #.#.....)..).§55#
#.######.*****
#........######M###........,,,,,
##...###.....#
#5Joo§.......****,
..÷..#_#..##.# ###o§..#####** *,
###..#+#..##.# #....# **
#.......##.# #.##.#
###.......##.# #.##.#
..........##.# #.##.#
###.#.####*#.# #.##.##
#.#.######.#####.#...##


You could see an orc priest (inner flame), a crimson imp, an ooze, 2 orcs and 2
ufetubi.

Vanquished Creatures
  A phantom (D:4)
  A centaur (D:3)
  A scorpion (D:4)
  An orc priest (D:4)
  An iguana (D:4)
  A worker ant (D:4)
  A hound skeleton (D:4)
  3 adders
  An ooze (D:1)
  An adder skeleton (D:4)
  5 worms
  A dart slug (D:3)
  A leopard gecko (D:4)
  7 orcs (D:4)
  2 giant cockroaches
  6 hobgoblins
  13 jackals
  3 kobolds
  2 quokkas
  2 ball pythons
  4 bats
  4 frilled lizards
  2 goblins
  4 rats
68 creatures vanquished.

Vanquished Creatures (collateral kills)
  An ogre (D:4)
  A quokka (D:4)
2 creatures vanquished.

Vanquished Creatures (others)
  A fire vortex (D:2)
1 creature vanquished.

Grand Total: 71 creatures vanquished

Notes
Turn   | Place    | Note
-------+----------+-------------------------------------------
     0 | D:1      | Ragdoll the Mummy Chaos Knight began the quest for the Orb.
     0 | D:1      | Reached XP level 1. HP: 18/18 MP: 1/1
   322 | D:1      | XOM: mild Tmut miscast
   324 | D:1      | Reached XP level 2. HP: 18/24 MP: 2/2
   618 | D:2      | XOM: divination: detect creatures
   898 | D:2      | Reached XP level 3. HP: 22/30 MP: 3/3
   977 | D:2      | XOM: divination: detect creatures
  1024 | D:2      | Reached skill level 1 in Dodging
  1241 | D:2      | XOM: mild Fire miscast
  1242 | D:2      | HP: 1/30 [fire vortex[the capriciousness of Xom] (25)]
  1838 | D:3      | XOM: silly message
  2036 | D:3      | Found a deep blue altar of Sif Muna.
  2425 | D:3      | Reached XP level 4. HP: 23/37 MP: 4/4
  2461 | D:3      | XOM: harmless Ice miscast
  2732 | D:3      | Noticed a centaur
  2737 | D:3      | Killed a centaur
  2737 | D:3      | Reached skill level 1 in Evocations
  2737 | D:3      | Reached XP level 5. HP: 20/42 MP: 5/5
  3298 | D:4      | XOM: cast spell 'Summon Ice Beast'
  3305 | D:4      | Noticed an ogre
  3316 | D:4      | Killed an ogre
  3316 | D:4      | Reached XP level 6. HP: 27/49 MP: 5/7
  3345 | D:4      | XOM: cleaving
  3472 | D:4      | XOM: god gift: 33 gold pieces
  3517 | D:4      | Identified Xom's Compendium of Ragdoll's Peril (Xom gifted it to you on level 4 of the Dungeon)
  3517 | D:4      | XOM: god gift: Xom's Compendium of Ragdoll's Peril
  3873 | D:4      | XOM: cloud trail
  3910 | D:4      | XOM: summons 3 hostile demons
  3917 | D:4      | HP: 1/49 [ufetubus[Xom] (4)]
  3918 | D:4      | XOM: polymorph something unseen -> ooze
  3918 | D:4      | Slain by an ufetubus

Skill      XL: |  1  2  3  4  5  6 |
---------------+-------------------+-----
Maces & Flails | 3 4 |  4.4
Dodging        | 1 |  1.0
Fighting       | 4 |  4.7
Armour         | 2 |  2.8
Evocations     | 1 2 |  2.0
Stealth        | |  0.1

Action                   |  1- 3 |  4- 6 || total
-------------------------+-------+-------++-------
Melee: Mace              |   124 |   151 ||   275
  Use: Scroll            |       |     7 ||     7
 Stab: Sleeping          |     3 |       ||     3
       Petrifying        |     1 |     2 ||     3
       Paralysed         |       |     2 ||     2
       Petrified         |       |     3 ||     3
Armor: Leather armour    |    34 |    72 ||   106
Dodge: Dodged            |    59 |   123 ||   182
